 Dungeon Crawl Stone Soup version 0.25-a0-474-ga8a2ee3166 (webtiles) character file.

Game seed: 11129963466357659278, levelgen mode: deterministic

68044 RedPan the Carver (level 14, -3/113 HPs)
             Began as a Yellow Draconian Ice Elementalist on Feb 8, 2020.
             Was a High Priest of Sif Muna.
             Killed by mirror damage (7 damage)
             ... on level 13 of the Dungeon.
             The game lasted 01:34:14 (30906 turns).

RedPan the Carver (DrIE)                           Turns: 30906, Time: 01:34:14

Health: -3/113     AC: 19    Str: 13    XL:     14   Next: 85%
Magic:  1/24       EV: 17    Int: 19    God:    Sif Muna [*****.]
Gold:   1541       SH: 13    Dex: 13    Spells: 6/27 levels left

rFire    + . .     SeeInvis .   H - +5 scimitar (flame)
rCold    . . .     Gourm    +   U - +2 shield {reflect}
rNeg     . . .     Faith    .   (armour unavailable)
rPois    .         Spirit   .   E - +0 hat
rElec    .         Reflect  +   s - scarf {cloud immunity}
rCorr    +         Harm     .   F - +2 pair of gloves "Bulup" {MR+ Stlth+}
MR       ++...                  t - +0 pair of boots
Stlth    +++.......             P - amulet of the gourmand
HPRegen  0.28/turn              B - ring of fire
MPRegen  0.19/turn              M - ring of Trepidation {rC+ Str+2}

@: icy armour, studying Maces & Flails
A: spit acid, unfitting armour, acidic bite, cold-blooded, acid resistance, AC
+8
a: Breathe Acid, Channel Magic, Forget Spell, Divine Exegesis, Renounce Religion


You were on level 13 of the Dungeon.
You worshipped Sif Muna.
Sif Muna was extremely pleased with you.
You were not hungry.

You visited 3 branches of the dungeon, and saw 21 of its levels.
You also visited: Bailey and Ice Cave.

You collected 1898 gold pieces.
You spent 357 gold pieces at shops.

Inventory:

Hand Weapons
 H - a +5 scimitar of flaming (weapon)
Armour
 s - a scarf of cloud immunity (worn)
 t - a +0 pair of boots (worn)
 E - a +0 hat (worn)
 F - the +2 pair of gloves "Bulup" (worn) {MR+ Stlth+}
   (You bought it in a shop on level 8 of the Dungeon)

   It affects your resistance to hostile enchantments.
   It makes you more stealthy.
   If you remove this armour, your AC will fall 3 points (19 -> 16)
 N - the +0 shield "Kos Lit" {+Fly rC+}
   (You found it on level 8 of the Dungeon)

   It protects you from cold.
   It lets you fly.
   If you switch to wearing this armour, your AC will rise 0 points (19 -> 19)
 U - a +2 shield of reflection (worn)
Jewellery
 B - a ring of fire (left hand)
 K - an uncursed ring of positive energy
 M - the ring of Trepidation (right hand) {rC+ Str+2}
   (You took it off a frost giant in an ice cave)

   [ring of protection from cold]

   It affects your strength (+2).
   It protects you from cold.
 P - an amulet of the gourmand (around neck)
 Q - an uncursed ring of protection from cold
 R - an uncursed ring of poison resistance
Wands
 c - a wand of clouds (6)
 i - a wand of scattershot (3)
 n - a wand of polymorph (12)
 u - a wand of disintegration (24)
 v - a wand of acid (16)
 y - a wand of paralysis (3)
 C - a wand of digging (11)
 I - a wand of flame (28)
 L - a wand of iceblast (16)
 O - a wand of enslavement (6)
 S - a wand of random effects (19)
Scrolls
 a - a scroll of fear
 g - 7 scrolls of amnesia
 k - 4 scrolls of teleportation
 m - 2 scrolls of enchant armour
 o - 9 scrolls of remove curse
 p - a scroll of enchant weapon
 q - 2 scrolls of fog
Potions
 d - a potion of magic
 e - a potion of heal wounds
 f - a potion of invisibility
 h - 5 potions of flight
 j - 2 potions of haste
 l - 2 potions of agility
 r - 2 potions of cancellation
 w - 3 potions of ambrosia
 x - 4 potions of mutation
 z - a potion of might
 A - 3 potions of curing
 J - 4 potions of resistance
 W - 2 potions of brilliance {unknown}
Books
 X - a manual of Maces & Flails
Comestibles
 b - 41 rations


   Skills:
 + Level 7.1 Fighting
 + Level 11.6 Long Blades
 - Level 0.1 Maces & Flails
 + Level 10.1 Dodging
 - Level 2.0 Stealth
 + Level 10.9 Shields
 - Level 7.0 Spellcasting
 - Level 2.0 Conjurations
 - Level 2.0 Charms
 + Level 10.1 Summonings
 - Level 9.0 Ice Magic
 + Level 10.0 Invocations


You had 6 spell levels left.
You knew the following spells:

 Your Spells              Type           Power        Failure   Level  Hunger
a - Freeze                Ice            ####         1%          1    None
b - Frozen Ramparts       Ice            #####.       1%          3    #......
c - Summon Ice Beast      Ice/Summ       #####...     3%          4    ###....
d - Ozocubu's Armour      Chrm/Ice       ####....     5%          3    #......
e - Hailstorm             Conj/Ice       ####....     17%         4    ###....
f - Shadow Creatures      Summ           N/A          38%         6    ######.

Your spell library contained the following spells:

 Spells                   Type           Power        Failure   Level  Hunger
 Summon Butterflies       Summ           #####...     1%          1    None
 Summon Small Mammal      Summ           ####         1%          1    None
 Call Imp                 Summ           #####...     1%          2    None
 Call Canine Familiar     Summ           #####...     1%          3    #......
 Ensorcelled Hibernation  Hex/Ice        ###...       4%          2    None
 Recall                   Summ/Tloc      N/A          6%          3    #......
 Magic Dart               Conj           ##..         8%          1    None
 Aura of Abjuration       Summ           #####.....   8%          5    #####..
 Summon Demon             Summ           #####.....   8%          5    #####..
 Foxfire                  Conj/Fire      ###.         11%         1    None
 Animate Skeleton         Necr           N/A          17%         1    None
 Apportation              Tloc           #.....       17%         1    None
 Corona                   Hex            #......      17%         1    None
 Sting                    Tmut/Pois      #...         17%         1    None
 Summon Lightning Spire   Summ/Air       ####....     22%         4    ###....
 Blink                    Tloc           N/A          26%         2    None
 Corpse Rot               Necr/Air       N/A          26%         2    None
 Passwall                 Tmut/Erth      #.......     26%         2    None
 Poisonous Vapours        Pois/Air       #.....       26%         2    None
 Slow                     Hex            #.......     26%         2    None
 Ice Form                 Ice/Tmut       ###.....     26%         4    ###....
 Conjure Flame            Conj/Fire      ###.....     32%         3    #......
 Dazzling Flash           Conj/Hex       ##....       32%         3    #......
 Mephitic Cloud           Conj/Pois/Air  #.......     36%         3    #......
 Confusing Touch          Hex            #.......     45%         3    #......
 Inner Flame              Hex/Fire       #.......     45%         3    #......
 Tukima's Dance           Hex            #.......     45%         3    #......
 Summon Forest            Summ/Tloc      ####......   52%         5    #####..
 Summon Mana Viper        Hex/Summ       ####....     52%         5    #####..
 Sticky Flame             Conj/Fire      ###.....     73%         4    ###....
 Iskenderun's Battlesphe  Conj/Chrm      ##......     90%         5    #####..
 Excruciating Wounds      Chrm/Necr      ##........   97%         5    #####..
 Fireball                 Conj/Fire      ###.......   97%         5    #####..
 Bolt of Magma            Conj/Fire/Erth ##........   98%         5    #####..
 Freezing Cloud           Conj/Ice/Air   ###.......   99%         6    ######.
 Simulacrum               Ice/Necr       ###.......   99%         6    ######.
 Iron Shot                Conj/Erth      ##........   100%        6    ######.
 Summon Hydra             Summ           #####.....   92%         7    #######
 Haunt                    Necr/Summ      ####......   100%        7    #######
 Orb of Destruction       Conj           ##........   100%        7    #######
 Ring of Flames           Chrm/Fire      ###.......   100%        7    #######
 Spellforged Servitor     Conj/Summ      ####......   100%        7    #######
 Summon Horrible Things   Summ           #####.....   100%        8    #######
 Dragon's Call            Summ           #####.....   100%        9    #######


Dungeon Overview and Level Annotations

Branches:
Dungeon (14/15)            Temple (1/1) D:5            Lair (6/6) D:9
 Shoals (0/4) Lair:2        Snake (0/4) Lair:2        Slime (0/5) Lair:6
    Orc (0/2) D:11         Vaults (0/5) D:13         Bailey (visited)
  IceCv (visited)

Altars:
Ashenzari
Cheibriados
Dithmenos
Fedhas
Gozag
Hepliaklqana
Kikubaaqudgha
Makhleb
Nemelex Xobeh
Okawaru
Qazlal
Ru
Sif Muna
Trog
Uskayaw
Vehumet
Wu Jian
Xom
Yredelemnul
Zin
The Shining One

Shops:
D:8 %[[::   D:12 %

Portals:
Trove: D:12 (give +2 shadow dragon scales)

Annotations:
D:10 2 transporters, Bawnen's ghost, journeyman HuMo
D:11 exclusion: 2 oklob plants
Lair:3 2 transporters, Onkana's ghost, journeyman DrAE
Lair:6 2 runed translucent doors, Gebura's ghost, journeyman FoFi


Innate Abilities, Weirdness & Mutations

You can spit globs of acid.
Your golden yellow scales are hard. (AC +8)
You cannot fit into any form of body armour.
You have acidic saliva.
You are cold-blooded and may be slowed by cold attacks.
You are resistant to acid. (rCorr)


Message History

The death knight hits you with a +0 broad axe!
* * * LOW HITPOINT WARNING * * *
The death knight hits your ice beast with a +0 broad axe!
Your ice beast hits the death knight but does no damage.
You closely miss the death knight.
You bite the death knight, but do no damage.
The death knight is almost dead.
Your ice beast hits the death knight but does no damage.
The death knight hits you with a +0 broad axe!
* * * LOW HITPOINT WARNING * * *
The death knight closely misses your ice beast.
You hit the death knight but do no damage.
The death knight is almost dead.
Your ice beast hits the death knight but does no damage.
Unknown command.
You slash the death knight! You burn the death knight.
You kill the death knight!
Sif Muna accepts your kill.
Your damage is reflected back at you!
You die...

########### #.........#########
## #...........)@....###########.
#............Y................
#..)..............(....(......
####).(.........###'####..######.
.().รท...........#......#..# #.
###)..#########.#......#..# #.
#..(#.......#.'......#W.# #.
#...#.......#[#.....##@.# #.
#...'.......#.#.....#...######.


You could see a friendly ice beast.

Vanquished Creatures
  A frost giant (IceCv)
  Azrael (D:13)
  A death knight (D:13)
  A two-headed ogre (D:10)
  2 catoblepae
  A hydra (D:11)
  7 death yaks
  2 dancing weapons (D:13)
  A deep troll shaman (Lair:6)
  Sonja (D:11)
  3 slime creatures
  2 unseen horrors (D:12)
  An ugly thing (D:12)
  Pikel (D:6)
  A manticore (Lair:2)
  9 elephants
  3 black mambas
  An eye of devastation (Lair:6)
  An ice statue (IceCv)
  8 spiny frogs
  A gargoyle (D:13)
  A rime drake (Lair:6)
  9 komodo dragons
  4 kobold demonologists
  12 polar bears (IceCv)
  A hornet (D:12)
  A queen bee (Lair:3)
  A harpy skeleton (D:8)
  5 hippogriffs
  A blink frog (Lair:4)
  A dream sheep (D:8)
  4 wraiths (D:13)
  A shadow (D:11)
  8 wyverns
  3 basilisks
  40 yaks
  A fire elemental (D:13)
  A steam dragon (D:11)
  4 vampire mosquitoes (D:12)
  2 hungry ghosts
  An acid dragon (D:12)
  2 nagas (Lair:2)
  A two-headed ogre zombie (D:11)
  9 water moccasins
  2 porcupines
  9 orc warriors
  A phantom (D:10)
  An ice beast (D:11)
  A slave (D:6)
  An eye of draining (Lair:6)
  3 sky beasts
  A black bear (Lair:6)
  33 wolves
  4 ogres
  9 centaurs
  3 big kobolds
  4 crocodiles
  11 bullfrogs
  A water moccasin zombie (D:7)
  A troll zombie (D:11)
  2 scorpions
  A wyvern skeleton (D:13)
  19 killer bees (Lair:3)
  8 wights
  2 howler monkeys (D:9)
  An electric eel (D:11)
  2 vampire bats (Lair:1)
  11 crimson imps
  2 centaur zombies
  A bullfrog skeleton (D:12)
  2 centaur skeletons
  9 hounds
  An orc priest (D:11)
  4 orc wizards
  A bullfrog zombie (D:10)
  3 jellies
  2 iguanas
  3 hell rats
  9 worker ants
  4 ogre zombies (D:11)
  2 hound skeletons (D:4)
  A worker ant zombie (D:11)
  5 gnolls
  4 river rats (Lair:5)
  10 adders
  3 shadow imps
  10 white imps
  An ooze (D:3)
  2 adder skeletons
  6 worms
  2 dart slugs
  7 leopard geckos
  20 orcs
  3 giant cockroaches
  13 hobgoblins
  7 jackals
  6 quokkas
  A ball python (D:1)
  9 bats
  10 frilled lizards
  16 goblins
  2 goblin skeletons (D:11)
  3 goblin zombies (D:11)
  6 hobgoblin zombies (D:11)
  9 kobolds
  8 orc zombies (D:11)
  15 rats
  7 plants
522 creatures vanquished.

Vanquished Creatures (collateral kills)
  Josephine (D:13)
  8 hydras
  2 tengu warriors (D:13)
  2 death yaks (Lair:6)
  A two-headed ogre (D:12)
  2 slime creatures
  An ugly thing (D:12)
  2 cyclopes
  8 elephants
  Joseph (D:7)
  Psyche (D:8)
  3 black mambas
  2 spiny frogs (Lair:6)
  2 gargoyles
  6 komodo dragons
  3 rime drakes
  2 hippogriffs (Lair:4)
  Grinder (D:6)
  4 blink frogs
  A dream sheep (D:8)
  2 wraiths (D:13)
  2 wyverns
  13 yaks
  3 basilisks
  A fire elemental (D:13)
  Grum (Lair:1)
  3 vampire mosquitoes (D:12)
  Menkaure (D:7)
  A two-headed ogre zombie (D:11)
  2 hell hounds (D:13)
  7 water moccasins
  2 porcupines
  A black bear (D:6)
  An ice beast (D:6)
  An orc warrior (Bailey)
  3 phantoms
  7 wolves
  3 ogres
  2 centaurs
  6 crocodiles
  3 big kobolds (D:8)
  4 bullfrogs
  A scorpion (D:13)
  5 killer bees (Lair:3)
  2 wights (D:13)
  A crimson imp (D:12)
  2 hounds
  7 orc wizards
  2 orc priests (D:8)
  A jelly (D:5)
  2 hell rats (Lair:5)
  3 worker ants
  An ogre zombie (D:11)
  5 gnolls
  A river rat (Lair:5)
  A shadow imp (D:8)
  4 white imps (Lair:4)
  An adder zombie (D:8)
  18 orcs
  A goblin (D:6)
  A hobgoblin (Bailey)
  3 jackals
  12 kobolds
  An orc skeleton (D:11)
  5 orc zombies (D:11)
  A rat (Lair:5)
  A fungus (Lair:6)
  A plant (Lair:6)
205 creatures vanquished.

Vanquished Creatures (others)
  A cyclops (D:13)
  A wolf (Lair:6)
  A centaur (D:12)
  3 kobolds
  12 fungi (Lair:6)
  22 plants
40 creatures vanquished.

Grand Total: 767 creatures vanquished

Notes
Turn   | Place    | Note
-------+----------+-------------------------------------------
     0 | D:1      | RedPan the Draconian Ice Elementalist began the quest for
                  | the Orb.
     0 | D:1      | Reached XP level 1. HP: 14/14 MP: 3/3
   200 | D:1      | Reached XP level 2. HP: 13/20 MP: 1/5
   538 | D:1      | Reached XP level 3. HP: 26/26 MP: 4/6
   543 | D:1      | Learned a level 3 spell: Frozen Ramparts
  1989 | D:3      | Reached XP level 4. HP: 31/33 MP: 4/8
  2007 | D:3      | Found a hazy altar of Hepliaklqana.
  2028 | D:3      | Reached skill level 5 in Ice Magic
  2241 | D:3      | Reached XP level 5. HP: 27/38 MP: 3/10
  2263 | D:3      | Found a burning altar of Makhleb.
  2265 | D:3      | Found a snail-covered altar of Cheibriados.
  2268 | D:3      | Found a glowing golden altar of the Shining One.
  2784 | D:4      | Noticed a sky beast
  2799 | D:4      | Killed a sky beast
  2934 | D:4      | Learned a level 4 spell: Summon Ice Beast
  2938 | D:4      | Learned a level 3 spell: Ozocubu's Armour
  2992 | D:4      | Reached XP level 6. HP: 45/45 MP: 12/12
  3156 | D:4      | Reached skill level 1 in Summonings
  3929 | D:5      | Entered Level 5 of the Dungeon
  4033 | D:5      | Your scales start taking on a golden yellow colour.
  4033 | D:5      | Reached XP level 7. HP: 42/50 MP: 0/14
  4033 | D:5      | Gained mutation: You are resistant to acid. (rCorr) [Yellow
                  | Draconian growth]
  4199 | D:5      | Found a basalt altar of Yredelemnul.
  4245 | D:5      | Found a staircase to the Ecumenical Temple.
  4263 | Temple   | Entered the Ecumenical Temple
  4499 | Temple   | Became a worshipper of Sif Muna the Loreminder
  4891 | D:6      | Reached skill level 5 in Spellcasting
  5172 | D:6      | Noticed Grinder
  5173 | D:6      | Paralysed by Grinder for 4 turns
  5192 | D:6      | Killed Grinder
  5326 | D:6      | Learned a level 4 spell: Hailstorm
  5555 | D:6      | Reached XP level 8. HP: 57/57 MP: 9/16
  5618 | D:6      | Found an ornate altar of the Wu Jian Council.
  5635 | D:6      | Noticed Pikel
  5676 | D:6      | Killed Pikel
  5972 | D:6      | Reached * piety under Sif Muna
  5981 | D:6      | Reached skill level 5 in Summonings
  6257 | D:7      | Noticed Joseph
  6277 | D:7      | Killed Joseph
  6473 | D:7      | Noticed an angel
  6474 | D:7      | Found a shimmering altar of Xom.
  6486 | D:7      | Found a glowing silver altar of Zin.
  6581 | D:7      | Noticed Menkaure
  6679 | D:7      | Reached XP level 9. HP: 61/62 MP: 16/19
  6702 | D:7      | Killed Menkaure
  7097 | D:8      | Reached skill level 1 in Invocations
  7259 | D:8      | Found an opulent altar of Gozag.
  7553 | D:8      | Found Caschayrgh's Armour Emporium.
  7563 | D:8      | Bought a +0 hat for 64 gold pieces
  7594 | D:8      | Reached ** piety under Sif Muna
  7921 | D:8      | Found Keempehe's Book Shoppe.
  8182 | D:8      | Found Enifig's Food Boutique.
  8218 | D:8      | Noticed a moth of wrath
  8220 | D:8      | Found a bloodstained altar of Trog.
  8325 | D:8      | Noticed Psyche
  8327 | D:8      | Noticed a three-headed hydra
  8331 | D:8      | Killed Psyche
  8331 | D:8      | Reached skill level 5 in Invocations
  8341 | D:8      | Killed a three-headed hydra
  8470 | D:8      | Reached XP level 10. HP: 55/70 MP: 15/20
  8471 | D:8      | Reached *** piety under Sif Muna
  8471 | D:8      | Reached skill level 1 in Fighting
  8471 | D:8      | Reached skill level 1 in Long Blades
  8660 | D:8      | Found Saos's Book Shop.
  8775 | D:8      | Found Xuguzant's Antique Armour Shoppe.
  8778 | D:8      | Bought a pair of blackened gloves for 199 gold pieces
  8778 | D:8      | Bought a buckler for 94 gold pieces
  8796 | D:8      | Identified the +2 pair of gloves "Bulup" {MR+ Stlth+} (You
                  | bought it in a shop on level 8 of the Dungeon)
  8858 | D:9      | Reached skill level 2 in Long Blades
  8916 | D:9      | Found a staircase to the Lair.
  9063 | D:9      | Reached skill level 1 in Shields
  9189 | D:9      | Reached skill level 3 in Long Blades
  9738 | D:10     | Entered Level 10 of the Dungeon
  9755 | D:10     | Noticed a skeletal warrior
  9757 | D:10     | Found a transporter.
  9759 | D:10     | Found a transporter.
  9760 | D:10     | Noticed Bawnen's ghost (journeyman HuMo)
 10001 | D:10     | Reached skill level 4 in Long Blades
 10622 | Lair:1   | Entered Level 1 of the Lair of Beasts
 10771 | Lair:1   | Reached skill level 5 in Long Blades
 10771 | Lair:1   | Reached XP level 11. HP: 52/84 MP: 4/21
 10775 | Lair:1   | Reached **** piety under Sif Muna
 11010 | Lair:1   | Noticed Grum
 11034 | Lair:1   | Killed Grum
 11038 | Lair:1   | Reached skill level 1 in Conjurations
 11220 | D:8      | Got a faintly glowing shield
 11554 | Lair:1   | Reached skill level 1 in Charms
 11688 | Lair:2   | Reached skill level 6 in Long Blades
 11915 | Lair:2   | Noticed a catoblepas
 11931 | Lair:2   | Killed a catoblepas
 11931 | Lair:2   | Reached skill level 5 in Shields
 12085 | Lair:2   | Reached skill level 5 in Dodging
 12291 | Lair:2   | Reached ***** piety under Sif Muna
 12324 | Lair:2   | Found a staircase to the Shoals.
 12397 | Lair:2   | Received a gift from Sif Muna
 12411 | Lair:2   | Learned a level 6 spell: Shadow Creatures
 12507 | Lair:2   | Reached skill level 7 in Long Blades
 12805 | Lair:2   | Found a staircase to the Snake Pit.
 13136 | Lair:3   | Noticed a seven-headed hydra
 13145 | Lair:3   | Killed a four-headed hydra
 13556 | Lair:3   | Found a transporter.
 13567 | Lair:3   | Noticed Onkana's ghost (journeyman DrAE)
 13568 | Lair:3   | Found a transporter.
 13599 | Lair:3   | Noticed a fire crab
 13613 | Lair:3   | Identified the +0 shield "Kos Lit" {+Fly rC+} (You found it
                  | on level 8 of the Dungeon)
 13663 | Lair:3   | Noticed a seven-headed hydra
 13672 | Lair:3   | Killed a seven-headed hydra
 14186 | Lair:3   | Reached skill level 8 in Long Blades
 14197 | Lair:3   | Reached XP level 12. HP: 87/91 MP: 17/22
 15338 | Lair:4   | Found a frozen archway.
 15353 | IceCv    | Entered an ice cave
 15440 | IceCv    | Identified Sif Muna's Collected Works on Flying Ice (Sif
                  | Muna gifted it to you in an ice cave)
 15440 | IceCv    | Received a gift from Sif Muna
 15578 | IceCv    | Noticed a death yak
 15582 | IceCv    | Reached skill level 9 in Long Blades
 15592 | IceCv    | Killed a death yak
 16442 | IceCv    | Noticed a death yak
 16470 | IceCv    | Killed a death yak
 16690 | IceCv    | Noticed a frost giant
 16690 | IceCv    | Noticed a death yak
 16718 | IceCv    | Killed a death yak
 16718 | IceCv    | Reached XP level 13. HP: 39/96 MP: 23/23
 17183 | IceCv    | Identified the ring of Trepidation {rC+ Str+2}
 17231 | IceCv    | Killed a frost giant
 17869 | Lair:4   | Reached skill level 10 in Long Blades
 19873 | Lair:6   | Entered Level 6 of the Lair of Beasts
 19902 | Lair:6   | Found a staircase to the Slime Pits.
 19938 | Lair:6   | Identified Kipisuta's Handbook of the Yeti (Sif Muna gifted
                  | it to you on level 6 of the Lair of Beasts)
 19938 | Lair:6   | Received a gift from Sif Muna
 21571 | Lair:6   | Found a large runed translucent door.
 21572 | Lair:6   | Found a large runed translucent door.
 22860 | Lair:6   | Reached skill level 5 in Fighting
 23197 | Lair:6   | Reached skill level 10 in Shields
 23878 | Lair:6   | Gained mutation: You have acidic saliva. [Yellow Draconian
                  | growth]
 23878 | Lair:6   | Reached XP level 14. HP: 107/107 MP: 17/24
 24235 | Lair:6   | Got an ebony great sword
 24238 | Lair:6   | Identified the Collected Works on Freezing Heat
 24451 | Lair:6   | Identified the +6 great sword of the Ship {elec, Str+2}
                  | (You found it on level 6 of the Lair of Beasts)
 24583 | Lair:6   | Noticed Gebura's ghost (journeyman FoFi)
 24783 | D:11     | Reached skill level 11 in Long Blades
 25124 | D:11     | Found a blossoming altar of Fedhas.
 25208 | D:11     | Noticed Sonja
 25331 | D:11     | Killed Sonja
 25559 | D:11     | Identified Sif Muna's Catalogue of Transmigration and
                  | Talismans (Sif Muna gifted it to you on level 11 of the
                  | Dungeon)
 25559 | D:11     | Received a gift from Sif Muna
 26217 | D:11     | Found a staircase to the Orcish Mines.
 26669 | D:12     | Found a flagged portal.
 26808 | Bailey   | Entered a bailey
 27408 | D:12     | Identified Sif Muna's Catalogue of Companions (Sif Muna
                  | gifted it to you on level 12 of the Dungeon)
 27408 | D:12     | Received a gift from Sif Muna
 27788 | D:12     | Found a portal to a secret trove of treasure.
 27910 | D:12     | Found the +8 longbow "Zephyr" {speed, Dex+3 SInv}
 27926 | D:12     | Found Istrankuu's Food Shop.
 28941 | D:13     | Reached skill level 10 in Dodging
 29178 | D:13     | Noticed Josephine
 29218 | D:13     | Killed Josephine
 29230 | D:13     | Reached skill level 10 in Summonings
 29589 | D:13     | Found a gate to the Vaults.
 29600 | D:13     | Noticed Azrael
 30067 | D:13     | Killed Azrael
 30609 | D:13     | Reached skill level 10 in Invocations
 30831 | D:14     | Found an ornate altar of the Wu Jian Council.
 30904 | D:13     | HP: 4/113 [death knight/+0 broad axe (10)]
 30906 | D:13     | Killed by mirror damage

Levels and vault maps discovered:
D:1:      saegor_arrival_miasma, layout_basic, minmay_tetromino_l4
D:2:      layout_basic, first_ration
D:3:      layout_loops_ring, overflow_temple_1_default,
          grunt_temple_overflow_open, cheibrodos_sewer_entry_bend
D:4:      layout_basic, grunt_decor_clamped
D:5:      layout_cave_pools, yredelemnul_altar_generic,
          minmay_temple_entry_junction_2
D:6:      layout_gridville, kennysheep_mini_moat, minmay_ogre_servants,
          uniq_grinder, uniq_pikel
D:7:      layout_rooms, grunt_temple_overflow_order_and_chaos_1, uniq_joseph,
          uniq_menkaure
D:8:      layout_gridville, tgw_trog, nicolae_gozag_seed_capital, serial_shops,
          shop, kennysheep_mini, shop, nicolae_shop_trees, shop, hangedman_ranch
          [blue_anna_fruit_fields], mrwooster_statue_mirror, uniq_psyche
D:9:      layout_loops_ring, david_lair_shrubbed
D:10:     layout_long_grid, gammafunk_ghost_mausoleum
D:11:     layout_cross, zombieorc2_lemuel, kennysheep_donut,
          hangedman_tree_tricks, uniq_sonja
D:12:     layout_rooms, nicolae_trove_entry_diagonal, serial_shops,
          nicolae_shop_statue_plus, enter_bailey_6, minmay_nine_imps
D:13:     layout_irregular_city, erik_vaults_1, uniq_josephine, uniq_azrael
D:14:     layout_loops_corners, nicolae_twisting_strands, lemuel_statue_altar
Temple:   minmay_temple_forest_path
Lair:1:   layout_long_grid, roderic_batcave, grunt_megastairs_5, uniq_grum
Lair:2:   layout_gridlike, minmay_shoals_entry_beasts,
          minmay_snake_entry_guardpost_medium, lemuel_fruit_tree,
          serial_bayou_shore_b, infiniplex_staircase_pool_2
Lair:3:   regret_index_combs_of_tragedy, layout_hall_layers,
          gammafunk_ghost_arena
Lair:4:   wad_woods_structure_01, layout_small_grid, portal_ice_cave_entry_imps
Lair:5:   layout_hall_layers, kennysheep_abandoned_house
Lair:6:   grunt_lair_end_beastmaster, layout_regular_city,
          minmay_slime_entry_eyes, ebering_ghost_disaster_area

Skill      XL: |  1  2  3  4  5  6  7  8  9 10 11 12 13 14 |
---------------+-------------------------------------------+-----
Stealth        | 2 |  2.0
Dodging        | 2 4 6 8 9 10 | 10.1
Spellcasting   | 3 4 5 6 7 |  7.0
Ice Magic      | 5 6 7 8 9 |  9.0
Summonings     | 2 3 5 6 7 9 10 | 10.1
Invocations    | 7 8 10 | 10.0
Fighting       | 4 5 7 |  7.1
Long Blades    | 5 8 9 10 11 | 11.6
Shields        | 4 6 8 10 | 10.9
Conjurations   | 2 |  2.0
Charms         | 2 |  2.0
Maces & Flails | |  0.1

Action                   |  1- 3 |  4- 6 |  7- 9 | 10-12 | 13-15 || total
-------------------------+-------+-------+-------+-------+-------++-------
Melee: Hand axe          |    56 |    97 |       |       |       ||   153
       Tailslap          |     6 |    13 |     8 |    70 |   104 ||   201
       Unarmed           |     1 |       |       |       |       ||     1
       Flail             |       |       |    86 |       |       ||    86
       Scimitar          |       |       |     3 |   407 |   864 ||  1274
       Bite              |       |       |       |       |    42 ||    42
 Cast: Freeze            |    38 |    37 |    30 |    23 |       ||   128
       Frozen Ramparts   |       |     6 |    27 |    55 |    69 ||   157
       Summon Ice Beast  |       |     2 |    37 |   101 |   173 ||   313
       Ozocubu's Armour  |       |       |     3 |    39 |    43 ||    85
       Hailstorm         |       |       |       |     1 |     4 ||     5
 Abil: Breathe Acid      |       |       |       |       |     2 ||     2
Evoke: Wand              |       |       |       |       |     6 ||     6
  Use: Scroll            |     4 |     4 |     7 |     9 |    11 ||    35
       Potion            |       |       |     1 |     1 |    11 ||    13
 Stab: Sleeping          |     4 |    13 |     4 |     6 |     8 ||    35
       Distracted        |       |       |       |     8 |    12 ||    20
  Eat: Chunk             |     3 |     8 |    17 |    49 |    73 ||   150
       Ration            |       |       |     1 |     1 |     1 ||     3
Armor: Skin              |    22 |    47 |    61 |   156 |   223 ||   509
Dodge: Dodged            |    49 |    84 |   121 |   305 |   426 ||   985
Block: Buckler           |       |       |       |   106 |   111 ||   217
       Shield            |       |       |       |       |   281 ||   281
       Reflection        |       |       |       |       |    39 ||    39
       Rpst.: Scimitar   |       |       |     1 |    83 |    72 ||   156

Table legend:
 A = Non-vault XP
 B = Vault XP
 C = Vault XP percentage of total XP
 D = Non-vault monster count
 E = Vault monster count
 F = Vault count percentage of total count
                 A         B        C        D         E       F
            +---------+---------+-------+---------+---------+-------
      Total |   52910 |   44296 |  45.6 |     427 |     296 |  40.9
            +---------+---------+-------+---------+---------+-------
        D:1 |      35 |       9 |  20.5 |      14 |       4 |  22.2
        D:2 |      37 |       0 |   0.0 |      14 |       0 |   0.0
        D:3 |     147 |       5 |   3.3 |      25 |       1 |   3.8
        D:4 |     358 |       0 |   0.0 |      16 |       0 |   0.0
        D:5 |     281 |       0 |   0.0 |      17 |       0 |   0.0
        D:6 |     519 |     819 |  61.2 |      16 |      11 |  40.7
        D:7 |     382 |     452 |  54.2 |      19 |       2 |   9.5
        D:8 |    1406 |    1975 |  58.4 |      43 |      14 |  24.6
        D:9 |    1614 |     352 |  17.9 |      16 |       1 |   5.9
       D:10 |    2617 |     166 |   6.0 |      17 |       1 |   5.6
       D:11 |    5181 |    1297 |  20.0 |      40 |      36 |  47.4
       D:12 |    8339 |     320 |   3.7 |      39 |       9 |  18.8
       D:13 |    8645 |    4994 |  36.6 |      40 |      13 |  24.5
     Lair:1 |    2022 |    1472 |  42.1 |      12 |      17 |  58.6
     Lair:2 |    3084 |    1004 |  24.6 |      18 |       4 |  18.2
     Lair:3 |    3448 |    4610 |  57.2 |      12 |      43 |  78.2
     Lair:4 |    2779 |    1515 |  35.3 |      18 |      18 |  50.0
     Lair:5 |    2078 |    1013 |  32.8 |      13 |      18 |  58.1
     Lair:6 |    9938 |    9362 |  48.5 |      38 |      23 |  37.7
     Bailey |       0 |     646 | 100.0 |       0 |      27 | 100.0
      IceCv |       0 |   14285 | 100.0 |       0 |      54 | 100.0
            +---------+---------+-------+---------+---------+-------
